 Dungeon Crawl Stone Soup version 0.26.1-2-gb8aa6d0cf2 (webtiles) character file.

Game seed: 5726958421197971542

133 Mauric the Sneak (level 5, -11/38 HPs)
             Began as a Human Brigand on Feb 9, 2021.
             Mangled by an ogre
             ... wielding a +0 giant club
              (20 damage)
             ... on level 4 of the Dungeon.
             The game lasted 00:22:13 (2469 turns).

Mauric the Sneak (Human Brigand)                    Turns: 2469, Time: 00:22:14

Health: -11/38     AC:  6    Str: 12    XL:     5   Next: 40%
Magic:  5/5        EV: 10    Int: 11    God:
Gold:   122        SH:  0    Dex: 15    Spells: 4/4 levels left

rFire    . . .     SeeInvis .   o - -1 short sword (curse)
rCold    . . .     Faith    .   (no shield)
rNeg     . . .     Spirit   .   i - +0 ring mail (curse)
rPois    .         Reflect  .   (no helmet)
rElec    .         Harm     .   c - +0 cloak
rCorr    .         Rampage  .   (no gloves)
Will     .....                  (no boots)
Stlth    ++........             (no amulet)
HPRegen  0.12/turn              (no ring)
MPRegen  0.09/turn              (no ring)

@: brilliant
A: no striking features
a: no special abilities


You were on level 4 of the Dungeon.
You visited 1 branch of the dungeon, and saw 4 of its levels.

You collected 122 gold pieces.

Inventory:

Hand Weapons
 a - a +2 dagger
 g - a +0 dagger
 o - a cursed -1 short sword (weapon)
 v - a +0 hunting sling
Missiles
 d - 3 poisoned darts (quivered)
 e - 2 curare-tipped darts
Armour
 b - a +0 robe
 c - a +0 cloak (worn)
 h - a +0 scale mail
 i - a cursed +0 ring mail (worn)
 j - a +2 leather armour of willpower
 q - a +0 cloak
Jewellery
 s - an uncursed ring of protection from cold {unknown}
Scrolls
 m - a scroll of remove curse {unknown}
 n - 3 scrolls of immolation {unknown}
 u - 2 scrolls of identify {unknown}
 y - a scroll of fog {unknown}
Potions
 k - a potion of mutation {unknown}
 l - 3 potions of curing {unknown}
 p - a potion of invisibility {unknown}
 r - a potion of flight {unknown}
 t - a potion of lignification {unknown}
 w - a potion of heal wounds {unknown}
 x - a potion of might {unknown}


   Skills:
 + Level 2.1 Fighting
 + Level 2.7 Short Blades
 + Level 2.4 Throwing
 + Level 2.4 Armour
 + Level 1.2 Dodging
 + Level 5.0 Stealth


You had 4 spell levels left.
You didn't know any spells.
Your spell library contained the following spells:

 Spells                   Type           Power        Failure   Level
 Confusing Touch          Hex            0%           93%         3
 Gell's Gravitas          Tloc           0%           93%         3
 Petrify                  Tmut/Erth      0%           100%        4
 Metabolic Englaciation   Hex/Ice        0%           100%        5
 Yara's Violent Unravell  Hex/Tmut       0%           100%        5


Dungeon Overview and Level Annotations

Branches:
Dungeon (4/15)
 Temple: D:4-7

Altars:
Sif Muna
Xom


Message History

The ogre is moderately wounded.
The ogre barely misses you.
Throw: 5 darts (poison)
Press: ? - help, Q - select action, (/) - cycle Shift-Dir - straight line, f/p - ogre
Aim: an ogre, wielding a +0 giant club (moderately wounded, 75% to hit)
You throw a poisoned dart.
The poisoned dart barely misses the ogre.
The ogre closely misses you.
Unknown command.
Throw: 4 darts (poison)
Press: ? - help, Q - select action, (/) - cycle Shift-Dir - straight line, f/p - ogre
Aim: an ogre, wielding a +0 giant club (moderately wounded, 75% to hit)
You throw a poisoned dart.
The poisoned dart barely misses the ogre.
It was a potion of brilliance.
You feel clever all of a sudden.
The giant cockroach waves its antennae.
The ogre hits you with a +0 giant club!!
Ouch! That really hurt!
You die...

.. .. #. .#####.. #
..#.#... #.
#............
#####.######............
............#...........
#......@O..(#...........
#.......................
##..........(...........
#....(.................
#..#..B.##.†...<......S
#..#....##..(..........
#.......##.............
. ......##......(......
. #...>.............


You could see an ogre and a giant cockroach.

Vanquished Creatures
  A hound (D:4)
  2 adders (D:2)
  2 gnolls
  A worm (D:2)
  2 dart slugs (D:1)
  A leopard gecko (D:2)
  A ball python (D:2)
  5 bats
  A giant cockroach (D:1)
  9 goblins
  8 hobgoblins
  A jackal (D:2)
  A quokka (D:2)
  6 frilled lizards
  9 kobolds
  11 rats
61 creatures vanquished.

Notes
Turn   | Place    | Note
-------+----------+-------------------------------------------
     0 | D:1      | Mauric the Human Brigand began the quest for the Orb.
     0 | D:1      | Reached XP level 1. HP: 16/16 MP: 1/1
   270 | D:1      | Reached XP level 2. HP: 22/22 MP: 2/2
   591 | D:1      | Reached XP level 3. HP: 18/27 MP: 3/3
  1119 | D:2      | Reached XP level 4. HP: 33/33 MP: 4/4
  1384 | D:2      | Reached skill level 1 in Armour
  1500 | D:2      | Found a shimmering altar of Xom.
  1741 | D:3      | Reached XP level 5. HP: 38/38 MP: 5/5
  1817 | D:3      | Found a shimmering blue altar of Sif Muna.
  2436 | D:4      | Reached skill level 5 in Stealth
  2437 | D:4      | Noticed an ogre
  2469 | D:4      | Mangled by an ogre

Illustrated notes

Levels and vault maps discovered:
D:1:      amcnicky_arrival_gap_in_the_tavern_cellar, layout_basic,
          minmay_misc_feat_chi, minmay_misc_feat_x, minmay_tiny_reverse_x
D:2:      layout_rooms, tgw_xom, fountainhead
D:3:      layout_loops_ring, lemuel_tele_altar
D:4:      layout_cave_pools, temple_doors_e, uniq_eustachio

Skill      XL: |  1  2  3  4  5 |
---------------+----------------+-----
Armour         | 1 2 |  2.4
Stealth        | 5 |  5.0
Fighting       | |  2.1
Short Blades   | |  2.7
Throwing       | |  2.4
Dodging        | |  1.2

Action                   |  1- 3 |  4- 6 || total
-------------------------+-------+-------++-------
Melee: Dagger            |   104 |    30 ||   134
       Short sword       |       |   103 ||   103
Throw: Dart              |     1 |     6 ||     7
  Use: Potion            |       |     1 ||     1
 Stab: Sleeping          |       |     3 ||     3
Armor: Ring mail         |    29 |    54 ||    83
Dodge: Dodged            |    43 |    74 ||   117
